 Dungeon Crawl Stone Soup version 0.23-a0-577-g2b1de944cd (webtiles) character file.

1 SlashClash the Grave Robber (level 1, 0/13 (14) HPs)
             Began as a Ghoul Necromancer on Dec 14, 2018.
             Slain by a jackal (1 damage)
             ... on level 1 of the Dungeon.
             The game lasted 00:00:27 (15 turns).

SlashClash the Grave Robber (Ghoul Necromancer)       Turns: 15, Time: 00:00:28

HP:   0/13 (14)     AC:  2    Str: 11    XL:     1   Next: 20%
MP:   2/2           EV: 12    Int: 10    God:
Gold: 0             SH:  0    Dex:  9    Spells: 2/3 levels left

rFire    . . .     SeeInvis .   (no weapon)
rCold    + . .     Gourm    .   (no shield)
rNeg     + + +     Faith    .   a - +0 robe
rPois    ∞         Spirit   .   (no helmet)
rElec    .         Reflect  .   (no cloak)
rCorr    .         Harm     .   (no gloves)
MR       .....                  (no boots)
Stlth    ++........             (no amulet)
HPRegen  0.00/turn              (no ring)
MPRegen  0.08/turn              (no ring)

@: rotting
A: rotting body, claws 1, carnivore, cold resistance 1, negative energy
resistance 3, inhibited regeneration, torment resistance, unbreathing
a: no special abilities


You were on level 1 of the Dungeon.
You were not hungry.

You visited 1 branch of the dungeon, and saw 1 of its levels.

Inventory:

Armour
 a - a +0 robe (worn)
Comestibles
 c - a ration


   Skills:
 + Level 1.7 Dodging
 + Level 2.1 Stealth
 + Level 1.7 Spellcasting
 + Level 4.0 Necromancy


You had 2 spell levels left.
You knew the following spells:

 Your Spells              Type           Power        Failure   Level  Hunger
a - Pain                  Necr           #...         6%          1    ##.....

Your spell library contained the following spells:

 Spells                   Type           Power        Failure   Level  Hunger
 Animate Skeleton         Necr           N/A          6%          1    ##.....
 Vampiric Draining        Necr           #.........   19%         3    ####...
 Regeneration             Chrm/Necr      #.........   38%         3    ####...
 Animate Dead             Necr           N/A          52%         4    #####..


Dungeon Overview and Level Annotations

Branches:
Dungeon (1/15)

Altars:


Innate Abilities, Weirdness & Mutations

Your body is rotting away.
You thrive on raw meat.
You are immune to poison.
You have sharp fingernails.
You are carnivorous and can eat meat at any time.
Your flesh is cold resistant. (rC+)
You are immune to negative energy. (rN+++)
You do not regenerate when monsters are visible.
You are immune to unholy pain and torment.
You can survive without breathing.


Message History

You kill the bat!
The kobold barely misses you. The jackal bites you.
The rat bites you but does no damage.
You scratch the rat.
You kill the rat!
The jackal misses you. The kobold hits you. The jackal barely misses you. x2
You closely miss the jackal. The kobold closely misses you.
The jackal bites you. The jackal closely misses you.
You scratch the jackal but do no damage.
The jackal bites you but does no damage.
The jackal barely misses you. The kobold barely misses you.
The jackal barely misses you.
The jackal bites you but does no damage.
You closely miss the kobold. The kobold hits you.
* * * LOW HITPOINT WARNING * * *
The jackal bites you.
* * * LOW HITPOINT WARNING * * *
The jackal bites you but does no damage.
You miss the jackal. The jackal bites you.
You die...

#.. #.... #... ....#
... ## ##....# ...#.
#......##
#.#.##.......### .
...#....# ...##..
#....# ##.......
.###.#K@..####........
.....Khh...#..........
###...h#......<..#
#.#..##.......## ..
#.. ####..### .# ...
#.#.# .### ...... ..
........ ## ....#....#


You could see 3 jackals and 2 kobolds.

Vanquished Creatures
  A bat (D:1)
  A rat (D:1)
2 creatures vanquished.

Notes
Turn   | Place    | Note
-------+----------+-------------------------------------------
     0 | D:1      | SlashClash the Ghoul Necromancer began the quest for the
                  | Orb.
     0 | D:1      | Reached XP level 1. HP: 14/14 MP: 2/2
    15 | D:1      | Slain by a jackal

Vault maps used:
D:1:      dpeg_arrival_arbitrary_b, minmay_tripent

Action                   || total
-------------------------++-------
Melee: Unarmed           ||     7
Armor: Robe              ||     6
Dodge: Dodged            ||    10

Table legend:
 A = Non-vault XP
 B = Vault XP
 C = Vault XP percentage of total XP
 D = Non-vault monster count
 E = Vault monster count
 F = Vault count percentage of total count
                 A         B        C        D         E       F
            +---------+---------+-------+---------+---------+-------
      Total |       1 |       1 |  50.0 |       1 |       1 |  50.0
            +---------+---------+-------+---------+---------+-------
        D:1 |       1 |       1 |  50.0 |       1 |       1 |  50.0
            +---------+---------+-------+---------+---------+-------
